[Event "Early-Titled-Tuesday-Blitz-March-26-2024"]
[Site "Chess.com"]
[Date "2024.03.26"]
[Round "4"]
[White "ChessQueen"]
[Black "Barmen_EV"]
[Result "0-1"]
[WhiteElo "2743"]
[BlackElo "2568"]
[TimeControl "180+1"]
[EndTime "8:39:25 PDT"]
[Termination "Barmen_EV won by resignation"]

1. e4 c5 2. c3 Nf6 3. e5 Nd5 4. Nf3 Nc6 5. Bc4 Nb6 6. Bb3 d5 7. exd6 Qxd6 8. O-O e5 9. d4 cxd4 10. cxd4 Nxd4 11. Nxe5 Nxb3 12. axb3 Qxd1 13. Rxd1 Be6 14. Be3 Nd5 15. Bd4 Bd6 16. Na3 O-O 17. Nac4 Bc7 18.
Bxa7 b5 19. Bd4 bxc4 20. bxc4 Nf4 21. Bc5 Rxa1 22. Rxa1 Bxe5 23. Bxf8 Kxf8 24. Ra8+ Ke7 25. b3 Ne2+ 26. Kh1 Nd4 27. Ra7+ Kf6 28. Rb7 Bd6 29.
h3 h5 30. Rb6 Bc5 31. Rb7 Ke5 32. b4 Bf8 33. c5 Bd5 34. Rc7 g5 35. Kh2 h4 36.
Rc8 Be7 37. Re8 Kf6 38. Rb8 Kf5 39. Rc8 Bf6 40. Kg1 Be5 41. Rd8 Bc6 42. Rc8 Bb5 43.
Rf8 f6 44. Rf7 Ke6 45. Rb7 Kd5 46. Rf7 Kc4 47. g3 hxg3 48. fxg3 Kxb4 49. h4 gxh4 50. gxh4 Nf3+ 51. Kf2 Nxh4 52. Rh7 Nf5 53. Kf3 Nd4+ 54. Ke4 Kxc5 55. Rh8 Bc6+ 56. Kd3 Bb5+ 57. Ke4 Bc6+ 58. Kd3 Bd7 59. Ra8 Bf5+ 60. Ke3 Nc6 61. Kf3 Be6 62. Re8 Bd5+ 63. Kg4 Nd4 64. Rc8+ Kd6 65. Rd8+ Ke6 66. Kh3 f5 67. Kh4 Bf6+ 68. Kh5 Bxd8 0-1

[Event "Early-Titled-Tuesday-Blitz-March-26-2024"]
[Site "Chess.com"]
[Date "2024.03.26"]
[Round "4"]
[White "Staudenhocker43"]
[Black "SAInt_666"]
[Result "0-1"]
[WhiteElo "2546"]
[BlackElo "2738"]
[TimeControl "180+1"]
[EndTime "8:39:26 PDT"]
[Termination "SAInt_666 won on time"]

1. d4 d5 2. Nf3 Nf6 3. Nbd2 c5 4. e3 cxd4 5. exd4 Qc7 6. c3 Nc6 7. Bd3 Bg4 8. O-O e6 9. Qb3 Bd6 10. h3 Bh5 11. Re1 O-O 12. Qd1 Rab8 13. a4 Bg6 14.
Bxg6 hxg6 15. Nf1 Ne4 16. Ne3 Na5 17. Nd2 Nf6 18. Ng4 Rfc8 19. Qf3 Nd7 20. Nf1 Nb3 21. Ra2 Qc4 22. Nfe3 Nxd4 23. Nxc4 Nxf3+ 24. gxf3 Rxc4 25. Ne3 Rc6 26. Nc2 a6 27. Kg2 Nf6 28. Bg5 Nh5 29. a5 Bf4 30. h4 f6 31. Bxf4 Nxf4+ 32. Kg3 Nd3 33. Rd1 Ne5 34. f4 Nc4 35. Rd3 Nd6 36. Nd4 Ne4+ 37. Kg2 Rd6 38. b4 Rc8 39. Ra3 Kf7 40. f3 e5 41. Ne2 Nc5 42. bxc5 Rxc5 43. fxe5 fxe5 44. Rb3 Rd7 45. Ra3 Ke6 46. Kf2 Rc4 47.
Kg3 Rd8 48. Rb3 Rd7 49. Rb6+ Kf7 50. Re3 Re7 51. Rd6 Rc5 52. Rd3 e4 53. R3xd5 Rc4 54.
Rd4 exf3 55. Kxf3 Rc5 56. R4d5 Rc4 57. Rb6 Rxh4 58. Rd4 Rh3+ 59. Ng3 g5 60. Kg4 Rh2 0-1

[Event "Early-Titled-Tuesday-Blitz-March-26-2024"]
[Site "Chess.com"]
[Date "2024.03.26"]
[Round "4"]
[White "Predator0608"]
[Black "Mysterio47"]
[Result "1/2-1/2"]
[WhiteElo "2542"]
[BlackElo "2709"]
[TimeControl "180+1"]
[EndTime "8:39:27 PDT"]
[Termination "Game drawn - insufficient material"]

1. e4 e6 2. d4 d5 3. Nd2 c5 4.
Ngf3 cxd4 5. Nxd4 Nf6 6. Bd3 Nc6 7. Nxc6 bxc6 8. O-O Be7 9. c4 O-O 10. Qc2 h6 11.
Nf3 a5 12. Bf4 Ba6 13. cxd5 cxd5 14. Bxa6 Rxa6 15. exd5 Nxd5 16. Be5 a4 17. Rfd1 Qc8 18. Qe2 Qb7 19. h3 Rc8 20. Rac1 Rac6 21. Rxc6 Qxc6 22. Kh2 Bd6 23. Kg1 Bxe5 24. Qxe5 Qc2 25. Rd2 Qb1+ 26. Kh2 Qxa2 27. Nd4 Qc4 28. Nxe6 Nf6 29. Nd4 Qc7 30. Nf3 g6 31. Qxc7 Rxc7 32. Rd8+ Kg7 33. Ra8 Rb7 34.
Rxa4 Rxb2 35. Kg1 Rb1+ 36. Kh2 Rb2 37. Kg1 Rb5 38. Ra7 h5 39. Kh2 Rf5 40. h4 Ng4+ 41. Kg3 Nf6 42. Ng5 Ng8 43. f3 Nh6 44. Ne4 Re5 45.
Kh3 Nf5 46. Rb7 Nh6 47. Rc7 Re6 48. Rb7 Nf5 49. Rc7 Re7 50. Rxe7 Nxe7 51. Kg3 Nf5+ 52.
Kh3 Kf8 53. g4 Ng7 54. Kg3 Ke7 55. Nf2 Ke6 56. Kf4 f6 57. Nd3 Kf7 58. Nc5 hxg4 59. fxg4 Ne8 60. Ne4 Nc7 61. Nd6+ Ke6 62. Ne4 Nd5+ 63.
Kf3 Ke5 64. Nf2 f5 65. Nd3+ Kf6 66. Nf4 fxg4+ 67. Kxg4 Ne3+ 68. Kf3 Nf5 69. Kg4 Nxh4 70. Kxh4 g5+ 71. Kg4 gxf4 72. Kxf4 1/2-1/2

[Event "Early-Titled-Tuesday-Blitz-March-26-2024"]
[Site "Chess.com"]
[Date "2024.03.26"]
[Round "4"]
[White "djano"]
[Black "eljanov"]
[Result "0-1"]
[WhiteElo "2666"]
[BlackElo "2915"]
[TimeControl "180+1"]
[EndTime "8:39:28 PDT"]
[Termination "eljanov won by resignation"]

1. e4 c6 2. d4 d5 3. exd5 cxd5 4. Bd3 Nf6 5. c3 Bg4 6. Qb3 Qc7 7. Ne2 Bxe2 8.
Bxe2 e6 9. Nd2 Nc6 10. Nf3 Bd6 11. O-O O-O 12. Bd3 Ne4 13. Bxe4 dxe4 14. Ng5 Bxh2+ 15.
Kh1 Bd6 16. Qc2 f5 17. Qb3 Rf6 18. Nxe6 Qf7 19. Ng5 Qxb3 20. axb3 a6 21. g3 h6 22. Nh3 g5 23. Kg2 f4 24. b4 Re8 25. Bd2 Kh7 26. Rh1 Kg7 27. Rae1 b5 28. gxf4 gxf4 29. Kf1 e3 30. Bc1 Ne7 31. Rg1+ Kf7 32. fxe3 fxe3+ 33.
Ke2 Nd5 34. Ref1 Re4 35. Rxf6+ Kxf6 36. Rg8 Rh4 37. Ng1 Rh2+ 38. Ke1 h5 39. Nf3 Rh1+ 40. Rg1 Rxg1+ 41. Nxg1 Kf5 42. Ke2 Ke4 43. Nh3 h4 44.
Ng5+ Kf5 45. Nh3 Kg4 46. Ng1 Bf4 47. Kd3 h3 48. Nxh3 Kxh3 49. b3 e2 50. Kxe2 Bxc1 51.
Kd3 Ba3 52. c4 Nxb4+ 53. Kc3 Kg4 54. d5 Kf5 55. Kd4 Nc2+ 56. Kc3 Ne3 57. Kd4 Nc2+ 58.
Kc3 bxc4 59. bxc4 Ne3 60. Kd4 Nxd5 61. Kxd5 a5 62. c5 Kf6 63. Kc4 Ke7 64. Kb5 Bb4 65. Kb6 Kd7 66. c6+ Kc8 67. Kb5 Kc7 68. Ka6 Kxc6 0-1

[Event "Early-Titled-Tuesday-Blitz-March-26-2024"]
[Site "Chess.com"]
[Date "2024.03.26"]
[Round "4"]
[White "MarijaKuznecova"]
[Black "Boundless_Strike"]
[Result "0-1"]
[WhiteElo "2418"]
[BlackElo "2625"]
[TimeControl "180+1"]
[EndTime "8:39:30 PDT"]
[Termination "Boundless_Strike won on time"]

1. e4 e6 2. d4 d5 3. Nc3 Bb4 4. e5 c5 5. a3 Bxc3+ 6. bxc3 Ne7 7. Qg4 cxd4 8. Qxg7 Rg8 9. Qxh7 Qa5 10. Ne2 dxc3 11. h4 Nbc6 12. f4 Bd7 13. h5 d4 14. h6 O-O-O 15.
Qd3 Nb4 16. Qc4+ Nec6 17. axb4 Qxa1 18. h7 Rh8 19. b5 Kb8 20. bxc6 Bxc6 21. Kf2 Be4 22. Ng3 Rxh7 23. Rxh7 Bxh7 24. Ne2 Bxc2 25. g4 Be4 26. f5 exf5 27. e6 fxe6 28. Bf4+ Ka8 29.
Qc7 Rg8 30. Nxd4 Qa2+ 31. Be2 Qd5 32. Qxc3 e5 33. Bc4 Qc5 34. Be3 exd4 35. Bxd4 Qc7 36. Bxg8 Qxc3 37. Bxc3 fxg4 38. Ke3 Bf5 39. Bd5 a6 40.
Bg2 Ka7 41. Bd4+ b6 42. Kd2 a5 43. Kc3 Ka6 44. Bc6 b5 45. Bg2 Be6 46. Kb2 b4 47. Ka1 Kb5 48. Bh8 a4 49. Be5 b3 50. Kb2 Kb4 51.
Bd6+ Kc4 52. Ka3 Bd7 53. Bg3 Kc3 54. Be5+ Kc2 55. Bg3 Kd2 56. Be4 Ke3 57. Bg6 Kf3 58. Bh4 g3 59. Bh5+ Kf4 60. Be2 Ke3 61. Bh5 g2 0-1

[Event "Early-Titled-Tuesday-Blitz-March-26-2024"]
[Site "Chess.com"]
[Date "2024.03.26"]
[Round "4"]
[White "nekotyanof"]
[Black "Masterbeaterr"]
[Result "1-0"]
[WhiteElo "2697"]
[BlackElo "2455"]
[TimeControl "180+1"]
[EndTime "8:39:33 PDT"]
[Termination "nekotyanof won on time"]

1. e4 e5 2. Nf3 Nc6 3. Bc4 Nf6 4.
Ng5 d5 5. exd5 Na5 6. Bb5+ c6 7.
dxc6 bxc6 8. Be2 h6 9. Nh3 Bc5 10. d3 O-O 11. Nc3 Rb8 12. a3 Nb7 13. Ng1 Nd6 14. Nf3 Re8 15. O-O Bf5 16. Be3 Bb6 17.
Nd2 Nd5 18. Bxb6 axb6 19. Nxd5 cxd5 20. c4 d4 21. b4 Qc7 22. a4 e4 23. dxe4 Nxe4 24.
Nxe4 Bxe4 25. Qxd4 Bxg2 26. Kxg2 Rxe2 27. a5 bxa5 28. bxa5 Rd8 29. Qb6 Qe7 30. Ra3 Rd6 31.
Qb8+ Kh7 32. Rg3 Qe4+ 33. Kg1 Rf6 34. Qf8 g6 35. Qc5 Re1 36. Qd5 Qe2 37. Qg2 Re6 38. c5 Rxf1+ 39. Qxf1 Qd2 40. Re3 Rxe3 41. fxe3 Qxe3+ 42.
Qf2 Qg5+ 43. Kf1 Qc1+ 44. Kg2 Qg5+ 45. Kf3 Qf5+ 46. Ke2 Qe5+ 47. Kf1 Qa1+ 48. Kg2 Qxa5 49. Qxf7+ Kh8 50. Qe8+ Kg7 51. Qd7+ Kg8 52. c6 Qg5+ 53. Kf3 Qf6+ 54. Ke4 Qh4+ 55. Kd5 Qxh2 56. c7 Qd2+ 57. Kc6 Qc3+ 58. Kb6 Qb4+ 59. Qb5 Qd4+ 60. Qc5 Qf6+ 61. Kb7 Qb2+ 62. Qb6 Qg2+ 63. Kb8 Qg3 64. Ka8 Qf3+ 65. Qb7 Qa3+ 66. Kb8 Qg3 67. Ka7 Qa3+ 68. Qa6 Qe3+ 69. Qb6 Qa3+ 70. Kb7 Qf3+ 71. Ka6 Qa3+ 72. Kb5 Qb3+ 73.
Kc6 Qf3+ 74. Kd7 Qf5+ 75. Qe6+ Qxe6+ 76. Kxe6 1-0

[Event "Early-Titled-Tuesday-Blitz-March-26-2024"]
[Site "Chess.com"]
[Date "2024.03.26"]
[Round "4"]
[White "imdvb6307"]
[Black "wqws"]
[Result "0-1"]
[WhiteElo "2512"]
[BlackElo "2724"]
[TimeControl "180+1"]
[EndTime "8:39:33 PDT"]
[Termination "wqws won on time"]

1. d4 Nf6 2. Nf3 g6 3. c4 Bg7 4. Nc3 O-O 5. e4 d6 6. Be2 e5 7. dxe5 dxe5 8. Qxd8 Rxd8 9. Nd5 Nxd5 10. cxd5 c6 11.
Bc4 cxd5 12. Bxd5 Nc6 13. Bg5 Rd6 14. O-O-O Be6 15. Bxe6 Rxe6 16. Rd7 Rc8 17. Kb1 h6 18. Bd2 Re7 19. Rxe7 Nxe7 20. Bc3 Nc6 21. Rd1 Kf8 22. Rd7 Rb8 23. Nd2 Ke8 24. Rc7 Bf8 25. Nc4 f6 26. Rh7 h5 27. Ne3 Ne7 28. Bb4 Rd8 29.
Bxe7 Bxe7 30. Nd5 Rd7 31. Rg7 g5 32. Rh7 Bd8 33. Rh8+ Kf7 34. Rh7+ Ke6 35. Rxh5 Bb6 36. f3 Rf7 37. Rh6 Bg1 38. h4 gxh4 39. Rxh4 f5 40.
Rh6+ Kd7 41. exf5 Rxf5 42. Nf6+ Kc7 43. Ne4 Bd4 44. b3 Rf8 45. Rh7+ Kc6 46. Kc2 Rc8 47. Kd3 Kb6 48. g4 Rc1 49. Rh2 Rf1 50. Nd2 Ra1 51. Nc4+ Kc5 52. g5 b5 53. Nd2 Rg1 54. Ne4+ Kb4 55. Rh7 a5 56. Rb7 Rg2 57. a3+ Kxb3 58. Rxb5+ Ka4 59. Rd5 Bb2 60. Rd6 Bxa3 61. Ra6 Kb5 62. Re6 Bb2 63. g6 a4 64. Nd6+ Kb4 65.
Nf5 a3 66. g7 a2 67. Rb6+ Ka3 68. Ra6+ Kb3 69. Ne3 Rxg7 70. Rb6+ Ka3 71. Ra6+ Kb4 72. Rb6+ Kc5 0-1

[Event "Early-Titled-Tuesday-Blitz-March-26-2024"]
[Site "Chess.com"]
[Date "2024.03.26"]
[Round "4"]
[White "MaiqMaster"]
[Black "SaiAgni_98"]
[Result "1/2-1/2"]
[WhiteElo "2386"]
[BlackElo "2518"]
[TimeControl "180+1"]
[EndTime "8:39:33 PDT"]
[Termination "Game drawn by repetition"]

1. e4 e6 2. d4 d5 3. Nc3 Nf6 4. Bg5 dxe4 5. Nxe4 Be7 6. Bxf6 gxf6 7. Nf3 a6 8. Bd3 f5 9. Ned2 c5 10. dxc5 Qa5 11.
Qe2 Qxc5 12. O-O-O Nc6 13. c3 O-O 14. Kb1 b5 15. g4 fxg4 16. Rhg1 f5 17. h3 Kh8 18. hxg4 fxg4 19. Rxg4 Qh5 20. Rgg1 Rf7 21. Rh1 Qg4 22. Rdg1 Qf4 23. Nd4 Ne5 24. Bxh7 Rxh7 25. Rxh7+ Kxh7 26.
Qh5+ Qh6 27. Qxe5 Bb7 28. Nxe6 Rg8 29. Qf5+ Kh8 30. Rxg8+ Kxg8 31. Nf4 Bc6 32. Nf1 Qh7 33. Qxh7+ Kxh7 34. Ne3 Bd6 35. Nfd5 Kg6 36. f4 Kf7 37. Kc2 Ke6 38. f5+ Ke5 39. Nb4 Be4+ 40. Kd2 a5 41. Nd3+ Kf6 42. Nf2 Bxf5 43. Nfg4+ Bxg4 44. Nxg4+ Ke6 45. Ne3 Ke5 46. Nc2 Kd5 47. Nd4 Kc5 48. b4+ axb4 49. Ne6+ Kc4 50. cxb4 Bxb4+ 51. Kc2 Bc5 52. Nf4 Bd4 53. Nd3 Be3 54. Nb2+ Kb4 55. Nd3+ Ka3 56. Kb1 Bd4 57. Ne1 Bc3 58. Nc2+ Ka4 59. Ne3 Bd4 60. Nf5 Bc5 61. Kc2 Kb4 62. Ng3 Kc4 63. Ne2 Bb4 64.
Nc1 Ba5 65. Nd3 Bb6 66. Nb2+ Kb4 67. Nd3+ Ka3 68. Kb1 Bd4 69. Nf4 Ka4 70. Ne2 Be5 71. Nc1 Ka3 72. Nd3 Bd4 1/2-1/2

[Event "Early-Titled-Tuesday-Blitz-March-26-2024"]
[Site "Chess.com"]
[Date "2024.03.26"]
[Round "4"]
[White "Shahdad2007"]
[Black "artin10862"]
[Result "0-1"]
[WhiteElo "2612"]
[BlackElo "2898"]
[TimeControl "180+1"]
[EndTime "8:39:34 PDT"]
[Termination "artin10862 won by resignation"]

1. b3 a5 2. a3 d5 3. Bb2 Nf6 4. Nf3 Bf5 5. d3 h6 6. g3 e6 7. Bg2 Be7 8. O-O O-O 9. Nbd2 Bh7 10. Re1 c5 11. e4 a4 12. bxa4 Nc6 13. c4 d4 14. Rb1 Nd7 15. Rf1 Nb6 16. Ba1 Qc7 17.
Ne1 Nxa4 18. Qc2 f6 19. f4 Bg6 20. f5 Bf7 21. Nef3 Rfb8 22. fxe6 Bxe6 23. Nh4 Nc3 24.
Bxc3 dxc3 25. Qxc3 Bd6 26. Ndf3 Ne5 27. Nf5 Nxf3+ 28.
Bxf3 Be5 29. Qc1 Rd8 30. Be2 Ra6 31. Rb3 Rda8 32. Bg4 Bf7 33. Kg2 Ra5 34. Ne3 h5 35. Bf5 g6 36. Bh3 Kg7 37. Nd5 Qc6 38. Rb6 Bxd5 39.
Rxc6 Bxc6 40. Be6 Rxa3 41. Bd5 Rxd3 42. Bxc6 bxc6 43. Qb1 Rd7 44. Qb6 Ra2+ 45. Rf2 Rxf2+ 46. Kxf2 Bd4+ 47. Kf3 Re7 48. Qxc6 Kh6 49. h3 Kg7 50. Qa8 Be5 51. g4 hxg4+ 52. hxg4 Rd7 53. Qe8 Rd3+ 54. Ke2 Rg3 55. Qe6 Kh6 56. Kf2 Kg5 57. Qxe5+ fxe5 58. Kxg3 Kf6 59. Kh4 Kf7 60. Kg3 Ke7 61. Kh3 g5 62. Kg3 Kd7 63. Kf3 Kc7 64. Ke3 Kb6 65. Kd3 Ka5 66.
Kc3 Ka4 67. Kc2 Kb4 68. Kd3 Kb3 69. Kd2 Kxc4 0-1

[Event "Early-Titled-Tuesday-Blitz-March-26-2024"]
[Site "Chess.com"]
[Date "2024.03.26"]
[Round "4"]
[White "Kotofeyca"]
[Black "Hamisandwich"]
[Result "0-1"]
[WhiteElo "2490"]
[BlackElo "2709"]
[TimeControl "180+1"]
[EndTime "8:39:35 PDT"]
[Termination "Hamisandwich won by resignation"]

1. d4 Nf6 2. c4 b6 3. Nc3 Bb7 4. Bg5 e6 5. e3 h6 6. Bh4 Bb4 7.
Ne2 O-O 8. a3 Be7 9. Qc2 c5 10.
Rd1 cxd4 11. Nxd4 a6 12. Nf3 d6 13. Be2 Nbd7 14. O-O Rc8 15. b3 Qc7 16. Rc1 Qb8 17. Rfd1 b5 18. cxb5 axb5 19. Qd2 b4 20. axb4 Bxf3 21.
Bxf3 Qxb4 22. Ne4 Qxd2 23. Nxd2 Nc5 24. Kf1 Rb8 25. Rc3 Nd5 26. Bxd5 Bxh4 27. Bf3 Bf6 28. Rc4 Rfd8 29. Rb1 Rb5 30. b4 Na4 31. Rc6 d5 32.
Be2 Rbb8 33. b5 Nc3 34. Rb3 Nxe2 35. Kxe2 Kf8 36. Nf3 Rdc8 37. Nd4 Bxd4 38. Rxc8+ Rxc8 39. exd4 Rb8 40. b6 Rb7 41. Kf3 Ke7 42. Kf4 Kd6 43. g4 g5+ 44. Kg3 Kc6 45. f4 Rxb6 46. Rc3+ Kd6 47.
fxg5 hxg5 48. h4 gxh4+ 49. Kxh4 Rb4 50. Rd3 Rb1 51. Kg5 Rf1 52. Kh6 Ke7 53. Kg5 Kf8 54. Rh3 Kg7 55. Rd3 Rf2 56. Rd1 Rf3 57. Rd2 f6+ 58.
Kh4 Kf7 59. g5 Rf4+ 60. Kh5 Rf5 61. Rg2 Kg7 62. Kh4 Rxg5 63. Rxg5+ fxg5+ 64. Kxg5 Kf7 65. Kg4 Kg6 66. Kf4 Kf6 67. Kg4 e5 68. dxe5+ Kxe5 69. Kf3 Kd4 70. Ke2 Kc3 71. Kd1 Kd3 72. Ke1 Kc2 73.
Ke2 d4 74. Ke1 d3 0-1

[Event "Early-Titled-Tuesday-Blitz-March-26-2024"]
[Site "Chess.com"]
[Date "2024.03.26"]
[Round "4"]
[White "Zohid6"]
[Black "Titus369"]
[Result "1/2-1/2"]
[WhiteElo "2912"]
[BlackElo "2631"]
[TimeControl "180+1"]
[EndTime "8:39:36 PDT"]
[Termination "Game drawn - insufficient material"]

1. e4 c5 2. Nf3 d6 3. d4 cxd4 4. Nxd4 Nf6 5. Nc3 a6 6. h3 e6 7.
g4 d5 8. Bg2 Bb4 9. O-O Bxc3 10. bxc3 Nxe4 11. Ba3 Nxc3 12. Qd3 Nb5 13. Nxb5 axb5 14.
Rfe1 Nc6 15. Bxd5 Ne7 16. Bxe7 Qxe7 17. Qxb5+ Qd7 18. Qc5 Qe7 19. Qb5+ Qd7 20. Qb3 O-O 21. Bg2 Qc7 22. Rad1 Ra5 23. Rd2 Rc5 24. Red1 h6 25. a4 Rc3 26. Qb2 Rc4 27. Qa2 b6 28. Qb3 Rc3 29. Qb2 Rc4 30. Qa2 Rc5 31. Rb1 h5 32. gxh5 Rxh5 33. Qb2 Rh4 34. Qxb6 Qxb6 35. Rxb6 Rxa4 36.
Rdd6 e5 37. Rb5 Rc4 38. Rxe5 Rxc2 39. Re1 Be6 40. Rd3 Rc5 41. Rg3 Rd8 42. Rge3 Kf8 43. R3e2 Rdc8 44. Kh2 Rc1 45. Rxc1 Rxc1 46. Kg3 Rc3+ 47.
Kh2 Rc5 48. Rb2 Ke7 49. h4 Kf6 50. Kg3 Rc3+ 51. f3 g6 52. Rb6 Rc4 53. Bh3 Rc5 54. Bg4 Re5 55. Kf4 Re1 56. Ra6 Re2 57. Kg3 Re5 58. Bxe6 Rxe6 59. Ra4 Kg7 60. Kg4 Re5 61. Ra1 Rf5 62. Rg1 Rf6 63. f4 Kh6 64. Re1 Rf5 65. Re5 Rxe5 66. fxe5 Kh7 67. Kf4 Kg8 68. Kg4 Kf8 69. Kg5 Ke7 70. Kh6 Ke6 71. Kg7 Kxe5 72.
Kxf7 Kf5 73. Kg7 Kg4 74. Kxg6 Kxh4 1/2-1/2

[Event "Early-Titled-Tuesday-Blitz-March-26-2024"]
[Site "Chess.com"]
[Date "2024.03.26"]
[Round "4"]
[White "amiralfio"]
[Black "Sanan_Sjugirov"]
[Result "1/2-1/2"]
[WhiteElo "2749"]
[BlackElo "3013"]
[TimeControl "180+1"]
[EndTime "8:39:38 PDT"]
[Termination "Game drawn - insufficient material"]

1. e4 c5 2. Nf3 Nc6 3. Bc4 e6 4. O-O a6 5. c3 b5 6. Bb3 c4 7.
Bc2 Bb7 8. a4 Nf6 9. d4 cxd3 10.
Qxd3 b4 11. e5 Ng4 12. Bf4 Qc7 13. Nbd2 Ncxe5 14. Nxe5 Nxe5 15. Qg3 Bd6 16. Qxg7 O-O-O 17. Be4 Rhg8 18. Qxh7 f5 19. Bxb7+ Qxb7 20. Qh3 Rg4 21. Bxe5 Bxe5 22. Qf3 bxc3 23. bxc3 Rh8 24. h3 Rg7 25. Rab1 Qxf3 26. Nxf3 Bf6 27. Kh1 Kc7 28. a5 Rb8 29. Rxb8 Kxb8 30. Rb1+ Kc7 31. Rb6 Bxc3 32.
Rxa6 Rg8 33. h4 Bb4 34. Ra7+ Kd6 35. a6 Bc5 36. Rb7 Ra8 37. Ng5 Rxa6 38. Nf7+ Ke7 39. Ne5 Rd6 40. f4 Bd4 41. Ng6+ Kf7 42. h5 Bf6 43.
Kh2 Rd3 44. g3 Kg7 45. Rb8 Kh6 46. Nf8 Kxh5 47. Kh3 Kh6 48. Rb7 e5 49. Nxd7 exf4 50. Nxf6 Rxg3+ 51. Kh4 Kg6 52. Rg7+ Kxf6 53. Rxg3 fxg3 54.
Kxg3 Kg5 55. Kf3 Kg6 56. Kf4 Kf6 57. Kf3 Ke5 58. Ke3 Kd5 59. Kf4 Ke6 60. Kf3 Ke5 61.
Ke3 f4+ 62. Kf3 Kf5 63. Kf2 Ke4 64. Ke2 Kf5 65. Kf3 Kg5 66. Kf2 Kg4 67. Kg2 f3+ 68. Kf2 Kf4 69. Kf1 Ke3 70. Ke1 Ke4 71. Kf2 Kf4 72. Kf1 Kg3 73. Kg1 Kh3 74. Kf2 Kg4 75.
Kf1 Kg3 76. Kg1 Kf4 77. Kf2 Ke4 78. Kf1 Ke3 79. Ke1 f2+ 80. Kf1 Kd2 81. Kxf2 1/2-1/2

[Event "Early-Titled-Tuesday-Blitz-March-26-2024"]
[Site "Chess.com"]
[Date "2024.03.26"]
[Round "4"]
[White "Andrei_Belozerov"]
[Black "Yaacovn"]
[Result "0-1"]
[WhiteElo "2613"]
[BlackElo "2903"]
[TimeControl "180+1"]
[EndTime "8:39:40 PDT"]
[Termination "Yaacovn won by checkmate"]

1. e4 c6 2. d4 d5 3. exd5 cxd5 4.
Bd3 Nf6 5. c3 Nc6 6. Bf4 Bg4 7.
Qb3 Qd7 8. Nd2 e6 9. Ngf3 Bd6 10. Bxd6 Qxd6 11. O-O O-O 12. Rae1 Rab8 13. Ne5 b5 14. a3 Qc7 15. Qc2 Bh5 16. Nxc6 Qxc6 17. Nb3 Bg6 18. Nc5 Bxd3 19. Qxd3 a5 20. b4 Rfc8 21. Re3 axb4 22. axb4 Ra8 23. h3 h6 24. f4 Ne4 25. f5 e5 26. dxe5 Nxc5 27. bxc5 Qxc5 28.
e6 fxe6 29. f6 Rf8 30. Kh1 Ra7 31. Rxe6 Raf7 32. Rf5 Rxf6 33. Rfxf6 Rxf6 34. Rxf6 gxf6 35. Qg6+ Kf8 36. Qxf6+ Ke8 37. h4 Qc4 38. Kh2 d4 39.
cxd4 b4 40. Qe5+ Kd7 41. Qg7+ Kc6 42. Qxh6+ Kb5 43. Qg5+ Ka4 44. h5 b3 45. h6 b2 46.
Qg6 Qc7+ 47. Kh3 Qd7+ 48. Kh2 Qc7+ 49. g3 Qc1 50. h7 Qd2+ 51. Kh3 Qxd4 52. g4 Ka3 53.
Kh4 Ka2 54. Qe8 b1=Q 55. Qa8+ Kb2 56. Qb8+ Kc1 57. Qc8+ Kd1 58. h8=Q Qf2+ 59. Kh5 Qh2+ 60.
Kg5 Qb5+ 61. Qf5 Qxf5+ 62. gxf5 Qxh8 63. f6 Qf8 64. Kg6 Kc2 65. f7 Kb3 66. Kh7 Kc4 67.
Kg6 Kc5 68. Kh7 Kd6 69. Kg6 Kd7 70. Kh7 Ke7 71. Kg6 Qxf7+ 72. Kh6 Kf8 73. Kg5 Qg7+ 74. Kh5 Kg8 75. Kh4 Kf7 76. Kh5 Ke6 77. Kh4 Kf5 78.
Kh5 Kf4 79. Kh4 Qh7# 0-1

[Event "Early-Titled-Tuesday-Blitz-March-26-2024"]
[Site "Chess.com"]
[Date "2024.03.26"]
[Round "4"]
[White "vladislavkovalev"]
[Black "lucasran"]
[Result "1/2-1/2"]
[WhiteElo "2861"]
[BlackElo "2612"]
[TimeControl "180+1"]
[EndTime "8:39:40 PDT"]
[Termination "Game drawn by repetition"]

1. e4 c6 2. Nf3 d5 3. d3 dxe4 4. dxe4 Qxd1+ 5. Kxd1 g6 6. Ne5 Nd7 7. Nc4 Bh6 8. Bxh6 Nxh6 9. f3 f6 10. a4 a5 11. Nbd2 Kd8 12. c3 Kc7 13. Kc2 Nf7 14.
Be2 b6 15. b4 Nd6 16. bxa5 bxa5 17. Nb3 Nxc4 18. Bxc4 Nb6 19. Be2 Be6 20. Nc5 Kd6 21. Nxe6 Kxe6 22. f4 Kd6 23. Rhd1+ Kc7 24. Rd4 e5 25. fxe5 fxe5 26. Rd3 Nd7 27. Rf3 Raf8 28. Raf1 Rxf3 29. Rxf3 Rf8 30. Rh3 Rf7 31. Bc4 Re7 32. g3 Nc5 33. Bg8 h5 34. g4 hxg4 35. Rg3 Nxe4 36.
Rxg4 Nf6 37. Rxg6 Nxg8 38. Rxg8 Rh7 39. Rg2 Kd6 40. Kd3 Kd5 41. Re2 Rh3+ 42. Kc2 e4 43. Kd2 Rh4 44. Kc2 Rh3 45. Kd2 Rh4 46. Rg2 Rh3 47. Kc2 Kc4 48. Rg6 Rxc3+ 49. Kd2 c5 50. Re6 Rd3+ 51. Ke2 Kd4 52. Rd6+ Kc3 53. Re6 Rd2+ 54.
Ke3 Rxh2 55. Ra6 Kb4 56. Kxe4 c4 57. Rb6+ Kxa4 58. Kd4 Rc2 59. Rb8 Ka3 60. Rb7 a4 61.
Rb8 Ka2 62. Rb7 a3 63. Rb8 Ka1 64. Rb7 a2 65. Rb8 Rb2 66. Rh8 Kb1 67. Rh1+ Kc2 68. Kxc4 Rb1 69. Rh2+ Kd1 70. Rxa2 Rb8 71. Kd3 Rd8+ 72.
Ke3 Re8+ 73. Kf3 Rf8+ 74. Ke4 Re8+ 75. Kd3 Rd8+ 76. Kc3 Rc8+ 77. Kd3 Rd8+ 1/2-1/2

[Event "Early-Titled-Tuesday-Blitz-March-26-2024"]
[Site "Chess.com"]
[Date "2024.03.26"]
[Round "4"]
[White "Yuruultei"]
[Black "nycjack1"]
[Result "1-0"]
[WhiteElo "2247"]
[BlackElo "2527"]
[TimeControl "180+1"]
[EndTime "8:39:42 PDT"]
[Termination "Yuruultei won by resignation"]

1. d4 Nf6 2. c4 e6 3. Nf3 b6 4. g3 Ba6 5. Bg2 Bxc4 6. O-O d5 7. Nc3 Be7 8. Ne5 Ba6 9. e4 O-O 10. Re1 Bb7 11. Bg5 Nbd7 12. exd5 exd5 13. Qe2 Re8 14.
Qb5 Nxe5 15. dxe5 Ne4 16. Bxe7 Rxe7 17. Nxe4 dxe4 18. Bxe4 Bxe4 19. Rxe4 Qd2 20. Re2 Qd4 21. Rae1 Rae8 22. Qb3 Rxe5 23. Qc2 Rxe2 24. Rxe2 Rxe2 25. Qxe2 Kf8 26. Qa6 Qd1+ 27. Kg2 Qd5+ 28. Kg1 Qa8 29.
Qc4 c5 30. Qa6 Qb8 31. a4 Qc7 32. Qc4 h6 33. b4 Qd6 34. bxc5 Qxc5 35. Qh4 Qc1+ 36.
Kg2 Qc6+ 37. Kg1 Qf6 38. Qc4 g6 39. Qa6 Qa1+ 40. Kg2 Kg7 41. Qxa7 Qd4 42. Qb7 Qc5 43. Qe4 Qd6 44. h4 Kf6 45. h5 gxh5 46. Qe3 Qd5+ 47.
Kh2 Qc5 48. Qxh6+ Ke7 49. Qd2 Qc4 50. Qg5+ Kf8 51. Qd8+ Kg7 52. Qxb6 Qxa4 53. Qc5 Qg4 54. Qe5+ Kh7 55. Qf6 Kg8 56. f3 Qg6 57. Qd8+ Kh7 58. Qc7 Qd3 59. Qxf7+ Kh6 60. Qf6+ Kh7 61. Qe7+ Kh6 62.
Qe6+ Kg7 63. Qe5+ Kh6 64. Qf4+ Kg7 65. Qg5+ Kf8 66. Qxh5 Qe2+ 67. Kh3 Qf1+ 68. Kg4 Qc4+ 69. f4 Qe2+ 70. Kh4 Qh2+ 71. Kg5 Qxg3+ 72. Kf5 Qd3+ 73. Kg4 Qe2+ 74. Kh4 Qh2+ 75. Kg5 Qg3+ 76. Qg4 Qc3 77. Qf5+ Kg8 78. Qg6+ Kf8 79. Qf6+ Qxf6+ 80. Kxf6 1-0

[Event "Early-Titled-Tuesday-Blitz-March-26-2024"]
[Site "Chess.com"]
[Date "2024.03.26"]
[Round "4"]
[White "mary-sanna"]
[Black "sorch29"]
[Result "0-1"]
[WhiteElo "2230"]
[BlackElo "2466"]
[TimeControl "180+1"]
[EndTime "8:39:45 PDT"]
[Termination "sorch29 won on time"]

1. d4 d5 2. c4 e6 3. Nf3 Nf6 4. g3 Bb4+ 5. Bd2 Be7 6. Bg2 O-O 7. O-O c6 8. Qc2 Nbd7 9. Bf4 b6 10. cxd5 cxd5 11.
Nc3 Bb7 12. Rac1 a6 13. Qb3 Ne4 14. Nxe4 dxe4 15. Nd2 Bd5 16. Qc2 f5 17. b3 Ra7 18.
Bc7 Qa8 19. Bxb6 Nxb6 20. Nc4 Nd7 21. e3 Rc8 22. Qd2 Rac7 23. Ne5 Nxe5 24. dxe5 Rxc1 25. Rxc1 Rxc1+ 26. Qxc1 Qc6 27. Qf1 Ba3 28. Qe2 Qb5 29. Qd2 Bb4 30. Qc2 Qc5 31. Qe2 Qb5 32. Qc2 Qc6 33. Qe2 a5 34. Bf1 g6 35. Kg2 a4 36.
bxa4 Qxa4 37. h4 Bf8 38. h5 g5 39. Qb2 g4 40. Qb6 Qxa2 41. Qd8 Qa7 42. Qg5+ Qg7 43.
Qd8 Qf7 44. Qg5+ Qg7 45. Qd8 h6 46. Bb5 Qf7 47. Bd7 Qxh5 48. Qf6 Qf7 49. Qd8 Qe7 50. Qc8 Kf7 51. Kg1 Bg7 52. Qc7 Bf8 53. Qc8 h5 54.
Kg2 Qc5 55. Qe8+ Kg7 56. Qxh5 Qe7 57. Be8 Bc4 58. Qg6+ Kh8 59. Qh5+ Kg8 60. Qg6+ Bg7 61. Qh5 Kf8 62. Bg6 Bb5 63. Qh7 Be8 64. Qh5 Bxg6 65. Qxg6 Qf7 66. Qh7 Ke7 67. Qh4+ Ke8 68. Qh7 Bxe5 69. Qh4 Bf6 70. Qh1 Kf8 0-1

[Event "Early-Titled-Tuesday-Blitz-March-26-2024"]
[Site "Chess.com"]
[Date "2024.03.26"]
[Round "4"]
[White "esrosenberg"]
[Black "LeoWin2012"]
[Result "1-0"]
[WhiteElo "2479"]
[BlackElo "2296"]
[TimeControl "180+1"]
[EndTime "8:39:49 PDT"]
[Termination "esrosenberg won by checkmate"]

1. d4 Nf6 2. c4 e6 3. Nc3 Bb4 4. Nf3 c5 5. g3 O-O 6. Bg2 cxd4 7.
Nxd4 Nc6 8. O-O a6 9. Nxc6 bxc6 10. Bg5 d5 11. cxd5 exd5 12. Rc1 h6 13. Bf4 Bf5 14. Qa4 Qb6 15. a3 Be7 16. b4 Rfc8 17. Qb3 d4 18. Na4 Qb7 19. Nc5 Bxc5 20. Rxc5 Be6 21. Qd3 Bd5 22. Qxd4 Bxg2 23. Kxg2 Nd5 24. Rfc1 Qd7 25.
Kg1 Qe6 26. Be3 Nxe3 27. Qxe3 Qxe3 28. fxe3 Re8 29. Kf2 Re7 30. Rxc6 Rae8 31. R1c3 Ra7 32. Rc7 Raa8 33. Rd3 Re6 34. Rc4 Rae8 35. a4 g5 36. b5 Rf6+ 37. Kg2 axb5 38. axb5 Rfe6 39. e4 Rxe4 40.
Rxe4 Rxe4 41. Kf3 Rb4 42. Rd5 Kg7 43. h3 Kg6 44. g4 Rb3+ 45. e3 f6 46. Ke4 Kg7 47. Rc5 Kf7 48. Kd4 Ke6 49. e4 Rb4+ 50. Kd3 Rb3+ 51. Kc4 Rxh3 52. b6 Rh1 53. Rb5 Rc1+ 54.
Kd4 Rd1+ 55. Kc5 Rc1+ 56. Kd4 Rc8 57. b7 Rb8 58. Kc5 Kd7 59. Kd5 Kc7 60. Ke6 Rxb7 61. Rxb7+ Kxb7 62. Kxf6 Kc7 63. e5 Kd7 64. Kf7 Kc6 65.
e6 h5 66. gxh5 g4 67. e7 g3 68. e8=Q+ Kd6 69. Qg8 g2 70. Qxg2 Ke5 71. Qg4 Kd6 72.
Qf5 Kc6 73. Qe5 Kd7 74. Qe6+ Kc7 75. Ke7 Kb7 76. Qd6 Ka7 77. Qb4 Ka6 78. Kd7 Ka7 79. Kc7 Ka6 80. Qb6# 1-0